AoeStats
← qq1227853701

Black Forest

503709445Analyzed
2v2 RM · 29d ago on Sep 1, 2026· 84m 47s· 4 players
Game mode
Random Map
Map size
Medium (4 player)
Population
200
Speed
Normal
Resources
Standard
Victory
Conquest
Starting age
Dark Age
Ending age
Imperial Age
RankedLock teamsTeams togetherTeam positionsShared explorationLock speedFull tech treeHidden civsTurbo modeCheats
Victory
Defeat
🇵🇪 Goths · Peru
974
+14
🇧🇷 Vietnamese · Brazil
956
+15
🇮🇹 Mongols · Italy
952
-15
🇮🇹 Franks · Italy
922
-14
danielfns
1:05 Loom
12:30 Feudal Age
18:54 Castle Age
16:58 Double-Bit Axe
17:07 Horse Collar
18:18 Gold Mining
19:20 Wheelbarrow
21:27 Bow Saw
23:59 Forging
23:49 Scale Mail Armor
24:59 Wheelbarrow
25:01 Heavy Plow
29:50 Arson
31:50 Hand Cart
34:55 Imperial Age
35:49 Fletching
35:49 Elite Skirmisher
36:29 Imperial Skirmisher
38:23 Bodkin Arrow
38:28 Padded Archer Armor
39:10 Ballistics
39:09 Thumb Ring
40:23 Two-Man Saw
39:30 Bracer
44:28 Leather Archer Armor
44:59 Crop Rotation
44:58 Pikeman
45:38 Squires
46:09 Halberdier
47:56 Iron Casting
47:36 Chain Mail Armor
47:56 Ring Archer Armor
48:02 Iron Casting
47:42 Chain Mail Armor
49:00 Chemistry
53:49 Plate Mail Armor
53:26 Scale Barding Armor
53:17 Stone Mining
64:25 Chatras
64:54 Chain Barding Armor
65:12 Bloodlines
65:05 Husbandry
65:54 Elite Battle Elephant
70:02 Plate Barding Armor
76:48 Hoardings
77:19 Guard Tower
77:15 Arrowslits
77:27 Murder Holes
79:00 Keep
Juminican
0:34 Loom
13:05 Feudal Age
13:29 Man-at-Arms
17:03 Forging
16:54 Scale Mail Armor
18:57 Double-Bit Axe
23:54 Castle Age
21:52 Horse Collar
22:51 Gold Mining
22:57 Fletching
24:02 Stone Mining
24:15 Long Swordsman
24:58 Squires
24:18 Pikeman
27:44 Bloodlines
27:34 Husbandry
29:12 Chain Mail Armor
29:32 Iron Casting
30:21 Anarchy
33:38 Heavy Plow
33:52 Bow Saw
35:42 Wheelbarrow
39:25 Imperial Age
39:11 Hand Cart
40:40 Conscription
41:55 Blast Furnace
40:51 Bodkin Arrow
42:03 Crop Rotation
42:21 Elite Huskarl
43:36 Bracer
43:45 Scale Barding Armor
45:42 Two-Man Saw
45:52 Perfusion
48:06 Perfusion
59:10 Chemistry
62:31 Ballistics
64:11 Caravan
qq1227853701
10:28 Loom
12:53 Feudal Age
18:23 Castle Age
22:15 Double-Bit Axe
31:26 Bow Saw
35:33 Wheelbarrow
40:47 Squires
40:32 Man-at-Arms
40:59 Gambesons
41:18 Squires
41:42 Scale Mail Armor
44:24 Stone Mining
44:25 Gold Mining
44:56 Hand Cart
45:48 Gold Shaft Mining
46:03 Long Swordsman
47:06 Chain Mail Armor
47:02 Forging
49:11 Town Watch
53:06 Imperial Age
53:05 Iron Casting
52:24 Fletching
53:14 Two-Handed Swordsman
54:57 Blast Furnace
54:03 Scale Barding Armor
54:32 Plate Mail Armor
53:56 Fletching
54:21 Murder Holes
54:37 Masonry
54:34 Siege Engineers
54:43 Fortified Wall
54:11 Champion
59:00 Conscription
60:04 Arson
71:29 Chivalry
70:53 Light Cavalry
71:47 Scale Barding Armor
71:48 Pikeman
74:33 Halberdier
我是IKUN
11:53 Feudal Age
13:17 Loom
16:09 Castle Age
15:20 Horse Collar
15:28 Double-Bit Axe
17:20 Heavy Plow
17:50 Bow Saw
19:44 Loom
21:58 Stone Mining
23:53 Wheelbarrow
23:08 Town Watch
24:45 Stone Shaft Mining
27:38 Hand Cart
27:25 Town Patrol
27:34 Gold Mining
33:35 Imperial Age
31:34 Fletching
31:45 Padded Archer Armor
32:40 Bodkin Arrow
33:15 Ballistics
34:12 Gold Shaft Mining
35:28 Chemistry
34:31 Bracer
34:46 Leather Archer Armor
34:50 Bloodlines
34:40 Husbandry
34:11 Heavy Scorpion
35:26 Conscription
36:05 Elite Mangudai
37:24 Capped Ram
39:43 Pikeman
40:23 Squires
39:44 Man-at-Arms
39:54 Siege Ram
44:08 Coinage
44:36 Drill
44:20 Nomads
44:58 Hoardings
48:23 Banking
51:30 Long Swordsman
51:59 Arson
52:19 Scale Mail Armor
52:30 Forging
52:45 Two-Handed Swordsman
54:17 Chain Mail Armor
54:38 Iron Casting
53:37 Champion
56:52 Plate Mail Armor
57:22 Blast Furnace
56:46 Onager
59:45 Caravan
68:53 Fortified Wall
68:50 Siege Engineers
68:56 Masonry
71:06 Herbal Medicine
76:45 Light Cavalry
80:20 Scale Barding Armor
Connection lost

Rejoining the realm…

Still unreachable

The connection could not be restored.

Session expired

The server has moved on; the page needs a fresh start.